Map: Persephone LE

Players

Percival - Winner!

  • Race: Terran Terran
  • Spawn Location: 11:00

Sigge

  • Race: Protoss Protoss
  • Spawn Location: 7:00

VOD

Have the link to the VOD?

Description

Time

  • Played on: Aug. 26, 2025, 8:59 a.m.
  • Length: 10:20
Show
View Real Time Build Order
Export as new Build Order

Percival Terran - Winner!

Build Orders:  

Get SALT Encoding   

  12  0:00  SCV  
  13  0:12  SCV  
  14  0:17  Supply Depot  
  14  0:24  SCV  
  14  0:28  Refinery  
  15  0:38  SCV  
  16  0:45  Barracks  
  16  0:51  SCV  
  17  1:03  SCV  
  18  1:05  Engineering Bay  
  18  1:15  SCV  
  19  1:32  Marine  
  19  1:33  Orbital Command  
  19  1:38  Factory  
  20  1:51  Barracks Reactor  
  20  1:52  Supply Depot  
  20  1:58  SCV  
  21  2:10  SCV  
  22  2:19  Command Center  
  23  2:29  Supply Depot  
  22  2:32  Hellion  
  22  2:34  Hellion  
  22  2:36  SCV  
  27  2:45  Starport  
  27  2:50  SCV  
  28  2:56  Hellion  
  32  2:58  Hellion  
  32  3:02  SCV  
  32  3:05  Refinery  
  33  3:14  SCV  
  34  3:20  Widow Mine x2  
  38  3:27  SCV  
  38  3:30  Medivac  
  38  3:33  Barracks Tech Lab  
  41  3:39  SCV  
  42  3:41  Widow Mine  
  42  3:42  Widow Mine  
  46  3:52  Barracks, Orbital Command  
  46  3:53  SCV  
  47  4:01  Supply Depot  
  47  4:02  Starport Tech Lab  
  47  4:05  SCV  
  48  4:11  Siege Tank  
  48  4:15  Marine x2  
  53  4:25  SCV x2, Supply Depot  
  53  4:33  Marine x2  
  53  4:37  SCV x2  
  55  4:41  Marine  
  55  4:43  Siege Tank  
  59  4:49  Supply Depot  
  59  4:50  Marine  
  59  4:51  Marine  
  59  4:52  SCV x2  
  61  4:54  Refinery  
  61  4:58  Raven  
  57  5:01  Bunker  
  57  5:04  SCV x2  
  59  5:10  Barracks  
  59  5:12  Marine x2, Supply Depot  
  61  5:16  Engineering Bay  
  61  5:20  SCV  
  62  5:22  Stimpack  
  62  5:25  Marauder  
  62  5:27  SCV  
  65  5:32  SCV  
  66  5:38  Marine x2  
  66  5:39  SCV  
  66  5:41  Factory Reactor  
  69  5:44  SCV  
  69  5:45  Terran Infantry Weapons Level 1  
  69  5:46  Refinery  
  69  5:49  Marauder  
  72  5:50  Starport Reactor  
  72  5:54  SCV, Supply Depot  
  72  5:56  SCV  
  74  5:58  Supply Depot  
  74  6:01  Marine x2  
  76  6:09  SCV x2  
  76  6:10  Marauder  
  80  6:12  Combat Shield, Supply Depot  
  80  6:14  Marauder  
  82  6:21  Marine x2  
  82  6:22  SCV x2  
  86  6:29  Medivac x2  
  86  6:30  Supply Depot  
  86  6:32  Widow Mine  
  92  6:34  Widow Mine  
  92  6:36  Marauder  
  92  6:38  Marauder  
  98  6:41  Marine x2  
  100  6:47  Supply Depot  
  100  6:54  Widow Mine  
  100  6:55  Widow Mine  
  100  6:56  Supply Depot  
  100  6:59  Marauder x2  
  100  7:00  Marine x2  
  110  7:07  Medivac x2  
  113  7:17  Command Center  
  113  7:19  Widow Mine x2  
  113  7:22  Concussive Shells  
  117  7:24  Marine x2, Marauder  
  117  7:25  Marauder  
  123  7:43  Marine x2  
  125  7:46  SCV x2, Marauder x2  
  128  7:53  Widow Mine  
  128  7:54  Widow Mine  
  128  7:58  SCV x2  
  121  8:03  Marine x2  
  113  8:06  Medivac x2  
  113  8:07  Marauder  
  116  8:15  SCV x2  
  116  8:16  Barracks  
  116  8:18  Barracks  
  116  8:19  Marauder  
  118  8:21  Marine x2  
  120  8:27  Widow Mine x2  
  120  8:29  Marauder  
  120  8:33  SCV, Ghost Academy  
  120  8:34  SCV  
  122  8:42  Viking x2  
  122  8:44  Marine x2  
  122  8:48  Marauder  
  130  8:50  SCV x2  
  128  8:57  Orbital Command  
  128  9:02  SCV x2  
  127  9:04  Marine  
  127  9:05  Marine, Marauder  
  127  9:09  Marauder  
  128  9:11  Barracks Reactor, Barracks Tech Lab  
  122  9:18  Widow Mine  
  122  9:19  Widow Mine, Medivac x2  
  122  9:23  SCV x2  
  124  9:32  Marine x2, Marauder x3  
  124  9:37  SCV x2  
  127  9:40  Widow Mine x2  
  127  9:45  SCV  
  122  9:49  Marine  
  122  9:50  Marine, SCV x2  
  122  9:52  Marine x2  
  126  9:54  Marauder x2  
  129  10:06  SCV x2  
  129  10:07  SCV  
Show
View Real Time Build Order
Export as new Build Order

Sigge Protoss 

Build Orders: 1 Gate Expand, Blink Stalkers, Zealot Archon 

Get SALT Encoding   

  12  0:00  Probe  
  13  0:12  Probe  
  14  0:18  Pylon  
  14  0:24  Probe  
  15  0:33  Probe  
  15  0:37  Gateway  
  15  0:41  Probe  
  16  0:43  Assimilator  
  17  0:51  Probe  
  18  1:03  Probe  
  19  1:15  Probe  
  20  1:26  Cybernetics Core  
  20  1:32  Nexus  
  20  1:38  Assimilator, Probe  
  21  1:50  Pylon, Probe  
  22  2:00  Sentry  
  22  2:04  Probe  
  22  2:07  Warp Gate  
  23  2:12  Shield Battery  
  25  2:16  Probe  
  25  2:19  Gateway  
  26  2:24  Stalker  
  26  2:28  Probe  
  29  2:41  Probe  
  30  2:48  Probe  
  31  2:53  Probe  
  31  2:55  Stalker  
  34  3:00  Probe  
  34  3:03  Stalker  
  34  3:04  Shield Battery  
  35  3:10  Probe  
  35  3:12  Probe  
  39  3:13  Pylon  
  39  3:26  Probe x2  
  41  3:30  Twilight Council  
  41  3:34  Gateway  
  41  3:39  Probe  
  41  3:40  Probe  
  43  3:43  Pylon  
  41  3:49  Blink  
  41  3:52  Probe x2  
  43  3:56  Stalker x2  
  43  4:00  Pylon  
  47  4:05  Probe x2  
  49  4:17  Probe x2  
  49  4:18  Assimilator  
  51  4:27  Stalker x2  
  46  4:52  Probe x2  
  47  5:02  Templar Archives  
  47  5:04  Probe x2, Gateway  
  49  5:13  Nexus  
  49  5:16  Probe x2  
  49  5:21  Assimilator  
  51  5:24  Pylon  
  51  5:29  Probe  
  50  5:38  Probe  
  50  5:41  Probe  
  50  5:50  Charge, Probe  
  50  5:53  Probe  
  52  6:02  Probe  
  52  6:03  High Templar  
  55  6:05  Probe  
  56  6:12  Stalker x2  
  56  6:15  Probe  
  56  6:17  Probe  
  62  6:21  Pylon  
  62  6:23  Psionic Storm, Probe, Gateway  
  62  6:25  Probe x2  
  62  6:32  Probe  
  65  6:33  Probe x2  
  68  6:41  Probe  
  68  6:43  Robotics Facility, Probe  
  68  6:44  Probe  
  71  6:53  Probe  
  68  6:55  Probe  
  68  6:56  Probe  
  69  7:02  Shield Battery  
  69  7:05  Probe  
  69  7:07  Probe  
  69  7:08  Probe  
  72  7:12  Gateway  
  72  7:14  Gateway  
  72  7:16  Gateway  
  72  7:17  High Templar x2, Probe  
  72  7:18  Zealot  
  72  7:19  Zealot  
  72  7:22  High Templar  
  83  7:28  Probe  
  83  7:29  Probe x2  
  84  7:40  Probe  
  84  7:41  Stalker x2  
  81  7:55  Stalker x2  
  79  7:59  Archon  
  79  8:02  Probe x2  
  75  8:09  Probe  
  75  8:11  Pylon  
  75  8:12  Stalker x4  
  84  8:14  Probe x2  
  83  8:22  Probe  
  83  8:25  Assimilator  
  83  8:26  Probe  
  83  8:27  Assimilator, Probe  
  86  8:35  Nexus, Probe  
  86  8:39  Probe x2  
  93  8:47  Zealot x2, High Templar  
  93  8:48  Zealot  
  92  9:08  High Templar  
  75  9:18  Zealot  
  75  9:19  Zealot x6  
  75  9:23  Probe  
  75  9:24  Probe x2  
  80  9:36  Probe x3  
  76  9:39  Zealot x3  
  66  9:52  Pylon  
  66  9:54  Pylon, Probe x2  
  63  10:00  Probe x2  
  63  10:01  Pylon  
  63  10:02  Pylon x3  
  63  10:04  Zealot x3, Pylon  
  63  10:05  Zealot  
  63  10:06  Probe  
Tags
 
Add a new tag
Caveats
  • Supply blocks, unpowered buildings, or Contaminate may cause inaccurate times.
  • Supply counts are checked every 10 seconds.